 Dungeon Crawl Stone Soup version 0.29-a0-817-g9904bce7a6 (webtiles) character file.

Game seed: 13616768523971311415

23 blackman the Ruffian (level 2, 29/29 HPs)
             Began as a Troll Chaos Knight on July 5, 2022.
             Was a Plaything of Xom.
             Quit the game on level 1 of the Dungeon.
             The game lasted 00:01:52 (433 turns).

blackman the Ruffian (Troll Chaos Knight)            Turns: 433, Time: 00:01:52

Health: 29/29      AC:  6    Str: 19    XL:     2   Next: 75%
Magic:  1/1        EV:  9    Int:  8    God:    Xom [..*...]
Gold:   50         SH:  0    Dex:  9    Spells: 1/1 levels left

rFire   . . .      SeeInvis .     - Unarmed
rCold   . . .      Faith    .   (no shield)
rNeg    . . .      Spirit   .   a - +2 robe
rPois   .          Reflect  .   (helmet restricted)
rElec   .          Harm     .   (no cloak)
rCorr   .          Rampage  .   (gloves unavailable)
Will    .....                   (boots unavailable)
Stlth   +.........              (no amulet)
HPRegen 0.89/turn               (no ring)
MPRegen 0.07/turn               (no ring)

@: no status effects
A: large, unfitting armour, claws 3, regeneration 1, shaggy fur 1, tough skin 1
a: Renounce Religion


You were on level 1 of the Dungeon.
You worshipped Xom.
You were a BORING thing.
You visited 1 branch of the dungeon, and saw 1 of its levels.

You collected 50 gold pieces.

Inventory:

Armour
 a - a +2 robe (worn)
Scrolls
 c - a scroll of amnesia {unknown}
 d - a scroll of magic mapping {unknown}
Miscellaneous
 b - a piece from Xom's chessboard (15/15) (quivered)


   Skills:
 - Level 2.4 Fighting
 - Level 1.9 Dodging
 + Level 4.1 Unarmed Combat


You had one spell level left.
You didn't know any spells.
Your spell library was empty.

Dungeon Overview and Level Annotations

Branches:
Dungeon (1/15)

Altars:


Innate Abilities, Weirdness & Mutations

You are too large for most types of armour.
You have claws for hands.
Your natural rate of healing is unusually fast.
You are covered in fur. (AC +1)
You have tough skin. (AC +1)


Message History

The ball python bites you. The quokka bites you.
You scratch the ball python.
You kill the ball python!
The quokka bites you but does no damage.
You closely miss the quokka. The quokka barely misses you.
You claw the quokka!
You kill the quokka!
No target in view!
No target in view!
No target in view!
HP restored.
Key pressed, stopping explore.
Key pressed, stopping explore.
A ball python comes into view.
The ball python hisses angrily.
A ball python is nearby!
You scratch the ball python.
You kill the ball python!
No target in view!
No target in view!
No target in view!
No target in view!
No target in view!
Xom is getting BORED.
Key pressed, stopping explore.
You open the door.
There is an open door here.
You open the door.
There is an open door here.
There is an open door here.
There is an open door here.
Key pressed, stopping explore.
Unknown command.
Unknown command.
You are now a BORING thing.
Unknown command.
Assign waypoint to what number? (0-9)
Okay, then.
Unknown command.
Are you sure you want to abandon this character and quit the game? (Confirm with "yes".)

#.#.#..######.#####.#.#####.#.# #
..#........##.......#.......#.# #
........##.##########.##....#.###
........##.#......>##.##.#....#..
.......###>.....##.##÷##.###..#†#
.......# ###....##.##.##.#....#†#
.......# #.....#.##....#.#.....
.......# ####..#.##....#.####..
####### #..@#.........# #..
#..#..#.#.#...# #..
#.....#'#.###.# #..
#.....#.#.....# #..
#########'##########..
#................[##..
#.#.###########.#.##.#
#.##.#.......#.##.##.#
#.#.#.###'###.#.#.##.)


There were no monsters in sight!

Vanquished Creatures
  A dart slug (D:1)
  4 ball pythons (D:1)
  2 giant cockroaches (D:1)
  2 goblins (D:1)
  3 hobgoblins (D:1)
  2 quokkas (D:1)
  2 frilled lizards (D:1)
  A kobold (D:1)
  2 rats (D:1)
19 creatures vanquished.

Notes
Turn   | Place    | Note
-------+----------+-------------------------------------------
     0 | D:1      | blackman the Troll Chaos Knight began the quest for the
                  | Orb.
     0 | D:1      | Reached XP level 1. HP: 22/22 MP: 0/0
    85 | D:1      | Reached XP level 2. HP: 29/29 MP: 1/1
   320 | D:1      | Reached skill level 4 in Unarmed Combat
   433 | D:1      | Quit the game

Illustrated notes

Levels and vault maps discovered:
D:1:      matt_arrival_los_fun, layout_basic

Skill      XL: |  1  2 |
---------------+-------+-----
Unarmed Combat | 4 |  4.1
Fighting       | |  2.4
Dodging        | |  1.9

Action                   || total
-------------------------++-------
Melee: Unarmed           ||    48
       Punch             ||     1
Armor: Robe              ||    14
Dodge: Dodged            ||    18

Table legend: (Time is in decaauts)
 A = Elapsed time spent in this place.
 B = Non-inter-level travel time spent in this place.
 C = Inter-level travel time spent in this place.
 D = Time resting spent in this place.
 E = Time spent auto-exploring this place.
 F = Levels seen in this place.
 G = Mean time per level.
                   A        B        C        D        E       F      G
               +--------+--------+--------+--------+--------+-----+--------+
         Total |    429 |    421 |      8 |      0 |    321 |   1 |  429.0 |
       Dungeon |    429 |    421 |      8 |      0 |    321 |   1 |  429.0 |
               +--------+--------+--------+--------+--------+-----+--------+

Top non-repeatable levels by time:
     D:1: 429 daAuts
